 Dungeon Crawl Stone Soup version 0.22-a0-422-g9628fc87f1 (webtiles) character file.

1133 Manul the Poker (level 8, -5/42 HPs)
             Began as a Vine Stalker Gladiator on May 20, 2018.
             Slain by an orc warrior
             ... wielding a +0 dire flail
              (12 damage)
             ... on level 5 of the Dungeon.
             The game lasted 00:05:53 (4863 turns).

Manul the Poker (Vine Stalker Gladiator)            Turns: 4863, Time: 00:05:54

Health: -5/42      AC:  9    Str: 16    XL:     8   Next: 36%
Magic:  0/9        EV: 11    Int:  8    God:
Gold:   289        SH:  4    Dex: 19    Spells: 7/7 levels left

rFire    . . .     SeeInvis .   g - +2 quarterstaff (chaos)
rCold    . . .     Gourm    .   (shield currently unavailable)
rNeg     + . .     Faith    .   j - +0 scale mail
rPois    +         Spirit   +   c - +0 helmet
rElec    .         Reflect  +   i - +0 cloak {MR+}
rCorr    .         Harm     .   (no gloves)
MR       ++...                  (no boots)
Stlth    +.........             y - +4 amulet of reflection
HPRegen  0.54/turn              w - ring of positive energy
MPRegen  0.11/turn              H - ring of poison resistance

@: no status effects
A: fangs 3, regeneration 1, magic shield, antimagic bite, no potion heal 3, rot
immunity
a: no special abilities


You were on level 5 of the Dungeon.
You were not hungry.

You visited 1 branch of the dungeon, and saw 6 of its levels.

You collected 289 gold pieces.

Inventory:

Hand Weapons
 a - a +0 quarterstaff
 g - a +2 quarterstaff of chaos (weapon)
 u - a +0 glaive
 E - a +1 halberd of venom
Missiles
 d - 3 throwing nets (quivered)
Armour
 c - a +0 helmet (worn)
 h - a +0 chain mail
 i - a +0 cloak of magic resistance (worn)
 j - a +0 scale mail (worn)
 s - a +0 cloak
Jewellery
 w - a ring of positive energy (left hand)
 y - a +4 amulet of reflection (around neck)
 F - an uncursed amulet of regeneration {unknown}
 H - a ring of poison resistance (right hand)
Wands
 x - a wand of random effects (15)
Scrolls
 e - a scroll of teleportation {unknown}
 l - 3 scrolls of identify
 m - 2 scrolls of amnesia
 o - a scroll of fear {unknown}
 p - 2 scrolls of fog
 q - a scroll of enchant weapon {unknown}
 r - 3 scrolls of enchant armour {unknown}
 I - a scroll of remove curse
 L - a scroll of immolation {unknown}
Potions
 b - a potion of ambrosia {unknown}
 k - 3 potions of brilliance
 n - 2 potions of curing
 t - 2 potions of flight {unknown}
 v - a potion of might
 z - a potion of resistance {unknown}
 A - a potion of invisibility
 B - a potion of cancellation
 C - a potion of heal wounds
 D - a potion of mutation {unknown}
 J - 2 potions of magic {unknown}
 K - a potion of haste {unknown}
Comestibles
 f - 10 rations
 G - 14 chunks of flesh


   Skills:
 + Level 3.7 Fighting
 - Level 4.6(5.5) Polearms
 + Level 4.5(5.5) Staves
 + Level 1.8 Throwing
 + Level 3.8 Armour
 + Level 3.4 Dodging
 + Level 1.4 Stealth


You had 7 spell levels left.
You didn't know any spells.
Your spell library contained the following spells:

 Spells                   Type           Power        Failure   Level  Hunger
 Summon Small Mammal      Summ           #...         83%         1    ##.....
 Summon Ice Beast         Ice/Summ       #.......     100%        4    #####..
 Call Imp                 Summ           #.......     92%         2    ###....
 Call Canine Familiar     Summ           #.......     99%         3    ####...
 Summon Lightning Spire   Summ/Air       #.......     100%        4    #####..
 Summon Guardian Golem    Hex/Summ       #.......     99%         3    ####...


Dungeon Overview and Level Annotations

Branches:
Dungeon (6/15)
 Temple: D:4-7

Altars:
Nemelex Xobeh
Qazlal
Trog
Vehumet

Shops:
D:5 %


Innate Abilities, Weirdness & Mutations

You have razor-sharp teeth.
Your natural rate of healing is unusually fast.
When hurt, damage is shared between your health and your magic reserves.
Your bite disrupts and absorbs the magic of your enemies.
Potions cannot restore your health.
You are immune to rotting.


Message History

The magic dart hits you!
An orc wizard appears from thin air!
Reactivating autopickup.
The orc wizard casts a spell.
The orc wizard flickers and vanishes!
Deactivating autopickup; reactivate with Ctrl-A.
There is an escape hatch in the ceiling here.
Okay, then.
The orc priest mumbles some strange prayers to Beogh against you.
Beogh smites you!
You hear some strange, mumbled words.
The orc warrior hits you with a dire flail!
* * * LOW HITPOINT WARNING * * *
A mysterious force pulls you upwards. The hatch slams shut behind you.
Unknown command.
You closely miss the orc warrior.
You bite the orc warrior, but do no damage.
The orc warrior is lightly wounded.
The orc warrior hits you with a dire flail!
You die...

#..#....#........
#................
#.##...##........
#.##...##........
#.##..........<..
##........##..###.
###....#..#.##......
#.................(.
#.#@###(#...........
#.#o# #.###.###.###.
#.#.# #.# #.# #>....
#.#.# #.###.# #####.
#.#.# #.##..####.###
#.#.###...#.......##
#.#......###........
#.#######.#.####.###
#.# ##..# #....


You could see an orc warrior.

Vanquished Creatures
  Sigmund (D:3)
  An ogre (D:4)
  A centaur (D:5)
  2 scorpions
  2 crimson imps (D:6)
  3 hounds
  Crazy Yiuf (D:5)
  A gnoll shaman (D:5)
  4 orc wizards (D:6)
  An iguana (D:6)
  Natasha (thrice) (D:3)
  3 worker ants
  A hound zombie (D:5)
  A hound skeleton (D:6)
  6 gnolls
  3 adders (D:2)
  An adder zombie (D:5)
  3 worms
  3 leopard geckos
  6 orcs
  2 bats
  9 giant cockroaches
  2 goblins (D:2)
  10 hobgoblins
  16 jackals
  3 ball pythons
  A ball python skeleton (D:4)
  2 frilled lizards
  6 kobolds
  A quokka zombie (D:5)
  8 rats
107 creatures vanquished.

Vanquished Creatures (others)
  A giant cockroach (D:3)
  A hobgoblin (D:3)
  A plant (D:5)
3 creatures vanquished.

Grand Total: 110 creatures vanquished

Notes
Turn   | Place    | Note
-------+----------+-------------------------------------------
     0 | D:1      | Manul the Vine Stalker Gladiator began the quest for the Orb.
     0 | D:1      | Reached XP level 1. HP: 11/11 MP: 2/2
   442 | D:1      | Reached XP level 2. HP: 15/15 MP: 3/3
  1158 | D:2      | Reached XP level 3. HP: 17/18 MP: 2/4
  1425 | D:2      | Reached skill level 1 in Armour
  1576 | D:2      | Gained mutation: Your natural rate of healing is unusually fast. [Vine Stalker growth]
  1576 | D:2      | Reached XP level 4. HP: 21/23 MP: 3/5
  1962 | D:3      | Found a faded altar of an unknown god.
  1998 | D:3      | Found a stormy altar of Qazlal.
  2183 | D:3      | Noticed Sigmund
  2233 | D:3      | Noticed Natasha
  2240 | D:3      | Killed Natasha
  2267 | D:3      | Found a radiant altar of Vehumet.
  2333 | D:3      | Found a bloodstained altar of Trog.
  2422 | D:3      | Noticed Natasha
  2426 | D:3      | Killed Natasha
  2426 | D:3      | Reached skill level 1 in Polearms
  2426 | D:3      | Reached XP level 5. HP: 24/26 MP: 4/6
  2527 | D:3      | Noticed Natasha
  2538 | D:3      | Killed Natasha
  2693 | D:3      | Killed Sigmund
  2693 | D:3      | Reached XP level 6. HP: 24/32 MP: 2/7
  2848 | D:4      | Found a sparkling altar of Nemelex Xobeh.
  3048 | D:4      | Reached XP level 7. HP: 12/35 MP: 6/8
  3650 | D:5      | Entered Level 5 of the Dungeon
  4128 | D:5      | Found Coneof's Food Emporium.
  4351 | D:5      | Found a runed door.
  4481 | D:5      | Noticed Crazy Yiuf
  4483 | D:5      | Killed Crazy Yiuf
  4483 | D:5      | Gained mutation: You have razor-sharp teeth. [Vine Stalker growth]
  4483 | D:5      | Reached XP level 8. HP: 40/40 MP: 9/9
  4573 | D:6      | Reached skill level 1 in Stealth
  4810 | D:6      | HP: 1/42 [orc priest/divine providence (8)]
  4863 | D:5      | Slain by an orc warrior

Vault maps used:
D:1:      minmay_arrival_nine_rooms
D:2:      first_ration, minmay_fountain_box
D:3:      old_standard_altar, nicolae_overflow_hidden_temple,
          fiery_altar_vehumet, chequers_ecumenical_altar_simple_redux,
          patterned_corridor, uniq_natasha, uniq_sigmund
D:4:      kennysheep_six_static_rooms, old_standard_altar, st_stairs_9
D:5:      serial_shops, nicolae_shop_statue_plus, kennysheep_boxes,
          uniq_crazy_yiuf_cottage
D:6:      gammafunk_temple_overflow_elements, minmay_temple_entry_hall

Skill      XL: |  1  2  3  4  5  6  7  8 |
---------------+-------------------------+-----
Staves         | 3 4 |  4.5
Fighting       | 2 3 |  3.7
Armour         | 1 2 3 |  3.8
Polearms       | 1 3 4 |  4.6
Dodging        | 3 |  3.4
Stealth        | 1 |  1.4
Throwing       | |  1.8

Action                   |  1- 3 |  4- 6 |  7- 9 || total
-------------------------+-------+-------+-------++-------
Melee: Quarterstaff      |    76 |    11 |    54 ||   141
       Bite              |    17 |    22 |    47 ||    86
       Glaive            |       |    81 |    84 ||   165
       Halberd           |       |       |    12 ||    12
Evoke: Wand              |       |     1 |       ||     1
  Use: Potion            |       |     4 |       ||     4
       Scroll            |       |       |     7 ||     7
 Stab: Paralysed         |       |     2 |       ||     2
       Confused          |       |       |     1 ||     1
       Petrifying        |       |       |     1 ||     1
       Petrified         |       |       |     1 ||     1
  Eat: Chunk             |     2 |     5 |     6 ||    13
Armor: Leather armour    |     4 |       |       ||     4
       Scale mail        |    18 |    42 |    95 ||   155
Dodge: Dodged            |    33 |    54 |   116 ||   203
Block: Other             |       |       |    34 ||    34

Table legend:
 A = Spawn XP
 B = Non-spawn XP
 C = Spawn XP percentage of total XP
 D = Spawn monster count
 E = Non-spawn monster count
 F = Spawn count percentage of total count
 G = Total turns spent on level
                    A         B        C        D         E        F      G
               +---------+---------+-------+---------+---------+-------+---------
         Total |       0 |    1619 |   0.0 |       0 |     107 |   0.0 |  4863
               +---------+---------+-------+---------+---------+-------+---------
           D:1 |       0 |      27 |   0.0 |       0 |      17 |   0.0 |  1083
           D:2 |       0 |      66 |   0.0 |       0 |      17 |   0.0 |   864
           D:3 |       0 |     363 |   0.0 |       0 |      17 |   0.0 |   809
           D:4 |       0 |     400 |   0.0 |       0 |      23 |   0.0 |  1103
           D:5 |       0 |     359 |   0.0 |       0 |      14 |   0.0 |   662
           D:6 |       0 |     404 |   0.0 |       0 |      19 |   0.0 |   342
               +---------+---------+-------+---------+---------+-------+---------
